Unix NetHack Version 5.0.0-0 post-release - last build May 17 2026 04:57:42 (dc50c8380fa5e20985bfe3072449f57b8d9895ef,branch:main).

Game began 2026-05-21 04:11:08, ended 2026-05-21 04:21:40.

CyberFan, lawful male dwarven Archeologist

                                                                   ...Ze
                                                                   ...@.
                                                                   .....
                                                                    |<-
                                                                    ---
CyberFan the Field Worker  St:12 Dx:10 Co:13 In:16 Wi:16 Ch:9  Lawful
Dlvl:6  $:45 HP:0(27) Pw:5(5) AC:8  Xp:3/42 T:1487 

Latest messages:
 "Hello, CyberFan!  Welcome to Kopasker's general store!"
 "Will you please leave your pick-axe outside?"
 What do you want to drop? [$a-ik-ov or ?*]
 You drop an uncursed +0 pick-axe.
 Pick a monster, object or location.
 e - an uncursed +0 pick-axe.
 That door is closed.
 In what direction?
 The door resists!
 In what direction?
 The door opens.
 You find a hidden passage.
 You find a hidden passage.
 The cave spider bites!
 You miss the cave spider.
 The cave spider bites!
 You lash the cave spider.
 The cave spider turns to flee.
 The cave spider bites!
 The cave spider bites!
 The cave spider bites!
 In what direction?
 The door opens.
 The cave spider bites!
 The cave spider just misses!
 You miss the cave spider.
 The cave spider bites!
 You lash the cave spider.
 The cave spider misses!
 You kill the cave spider!
 There is an altar to Camaxtli (neutral) here.
 You miss the wererat.
 The wererat summons help!
 A sewer rat suddenly appears next to you!
 A giant rat suddenly appears next to you!
 The wererat bites!
 The sewer rat bites!
 The sewer rat bites!
 The hobgoblin hits!
 The hobgoblin hits!
 You descend the stairs.
 You descend the stairs.
 You lash the floating eye.
 You are frozen by the floating eye's gaze!
 The elf zombie hits!
 The elf zombie hits!
 The elf zombie hits!
 The elf zombie hits!
 The elf zombie hits!
 You die...

Inventory:
 Coins    ('$')
  $ - 45 gold pieces
 Weapons  (')')
  a - an uncursed +2 bullwhip (weapon in right hand)
 Armor    ('[')
  c - an uncursed +0 fedora (being worn)
  l - an uncursed +0 pair of leather gloves (being worn)
  b - an uncursed +0 leather jacket (being worn)
 Comestibles  ('%')
  d - 7 uncursed food rations
  v - an uncursed tin of deep fried jackal meat
 Scrolls  ('?')
  k - an uncursed scroll of destroy armor
 Potions  ('!')
  m - an uncursed potion of water
 Rings    ('=')
  n - an uncursed ring of polymorph control (on right hand)
 Tools    ('(')
  h - an empty uncursed sack
  e - an uncursed +0 pick-axe
  i - an uncursed tin opener
  f - an uncursed tinning kit (0:38)
 Gems/Stones  ('*')
  o - a cursed worthless piece of orange glass
  g - an uncursed touchstone

CyberFan the Archeologist's attributes:

Background:
 You were a Field Worker, a level 3 male dwarven Archeologist.
 You were lawful, on a mission for Quetzalcoatl
 who was opposed by Camaxtli (neutral) and Huhetotl (chaotic).
 You were right-handed.
 You were in the Gnomish Mines, on level 6.
 You entered the dungeon 1487 turns ago.
 It was nighttime.
 You had 42 experience points, 38 more were needed to attain level 4.

Basics:
 You had 0 out of 27 hit points.
 You had all 5 energy points (spell power).
 Your armor class was 8.
 Your wallet contained 45 zorkmids.
 Autopickup was on for '$%?!"=/*', with exceptions.

Final Characteristics:
 Your strength was 12 (limit:18/100).
 Your dexterity was 10 (limit:20).
 Your constitution was 13 (limit:20).
 Your intelligence was 16 (limit:16).
 Your wisdom was 16 (limit:16).
 Your charisma was 9 (limit:16).

Final Status:
 You weren't hungry.
 You were unencumbered.
 You were wielding a whip.
 You had basic skill with whip.

Final Attributes:
 You were devoutly aligned.
 You had automatic searching.
 You had infravision.
 You had polymorph control.
 You were lucky.
 You are dead.

Miscellaneous:
 You disabled loading and storing of bones levels.
 Total elapsed playing time was 10 minutes and 31 seconds.

Major events:
 Turn
    1: CyberFan the lawful male dwarven Archeologist entered the dungeon
 1102: attained the rank of Field Worker (level 3)
 1161: entered the Gnomish Mines
 1487: killed by an elf zombie, while frozen by a floating eye's gaze

You didn't know any spells.

Skills:
 Fighting Skills
   bare handed combat [Unskilled]
   two weapon combat  [Unskilled]
   riding             [Unskilled]
 Weapon Skills
   dagger             [Unskilled]
   knife              [Unskilled]
   pick-axe           [Basic]
   short sword        [Unskilled]
   saber              [Unskilled]
   club               [Unskilled]
   quarterstaff       [Unskilled]
   sling              [Unskilled]
   dart               [Unskilled]
   boomerang          [Unskilled]
   whip               [Basic]
   unicorn horn       [Unskilled]
 Spellcasting Skills
   attack spells      [Unskilled]
   healing spells     [Unskilled]
   divination spells  [Unskilled]
   matter spells      [Unskilled]

Voluntary challenges:
 Character rerolling was not enabled.
 You never genocided any monsters.
 You never polymorphed an object.
 You never changed form.
 You used no wishes.
Achievements:
 You entered a shop.
 You attained the rank of Field Worker.
 You entered the Gnomish Mines.

 The Dungeons of Doom: levels 1 to 4
    Level 1:
    Level 2:
       A potion shop, many altars, a fountain.
    Level 3:
    Level 4:
       A general store, an altar.
       Stairs down to The Gnomish Mines.
 The Gnomish Mines: levels 5 to 6
    Level 5:
    Level 6: <- You were here.
       Final resting place for
          you, killed by an elf zombie, while frozen by a floating eye's gaze.


Vanquished creatures:
  a cave spider
  a red mold
  a gecko
  a jackal
  a fox
  a kobold
  3 goblins
  2 sewer rats
  a grid bug
  a bat
  a kobold zombie
  4 newts
18 creatures vanquished.

No species were genocided or became extinct.

Game over:
                       ----------
                      /          \
                     /    REST    \
                    /      IN      \
                   /     PEACE      \
                  /                  \
                  |     CyberFan     |
                  |      45 Au       |
                  | killed by an elf |
                  |      zombie      |
                  |                  |
                  |                  |
                  |       2026       |
                 *|     *  *  *      | *
        _________)/\\_//(\/(/\)/\//\/|_)_______

Goodbye CyberFan the Archeologist...

You died in The Gnomish Mines on dungeon level 6 with 459 points,
and 45 pieces of gold, after 1487 moves.
You were level 3 with a maximum of 27 hit points when you died.

